Map: Ever Dream LE

Players

PartinG

  • Race: Protoss Protoss
  • League: Grandmaster
  • Spawn Location: 1:00

LiquidMaNa (MaNa) - Winner!

  • Race: Protoss Protoss
  • League: Master
  • Spawn Location: 7:00

Event: Shopify TSL 5

VOD

Have the link to the VOD?

Description

Time

  • Played on: May 16, 2020, 9:12 a.m.
  • Length: 7:29

All games in this series

Show
View Real Time Build Order
Export as new Build Order

PartinG Protoss 

Build Orders: Cannon Rush 

Get SALT Encoding   

  12  0:00  Probe (Chrono Boost)  
  13  0:10  Probe (Chrono Boost)  
  14  0:17  Pylon  
  14  0:21  Probe  
  15  0:35  Forge  
  15  0:55  Pylon  
  15  1:02  Pylon  
  15  1:03  Pylon  
  15  1:13  Photon Cannon  
  15  1:18  Photon Cannon  
  15  1:21  Pylon  
  15  1:34  Photon Cannon  
  15  1:35  Photon Cannon  
  15  1:43  Photon Cannon  
  15  1:51  Photon Cannon  
  15  2:03  Photon Cannon  
  15  2:05  Photon Cannon  
  15  2:17  Photon Cannon  
  14  2:26  Photon Cannon  
  14  2:40  Photon Cannon  
  14  2:44  Pylon  
  14  2:49  Probe (Chrono Boost)  
  15  2:54  Gateway  
  15  3:01  Probe (Chrono Boost)  
  15  3:03  Assimilator  
  16  3:06  Probe (Chrono Boost)  
  16  3:08  Assimilator  
  17  3:15  Probe (Chrono Boost)  
  19  3:27  Probe (Chrono Boost)  
  19  3:32  Probe (Chrono Boost)  
  20  3:42  Cybernetics Core, Probe (Chrono Boost)  
  21  3:48  Pylon  
  21  3:54  Probe (Chrono Boost)  
  22  4:02  Probe (Chrono Boost), Gateway  
  23  4:08  Probe  
  23  4:13  Warp Gate (Chrono Boost)  
  23  4:19  Stalker  
  23  4:20  Probe  
  26  4:29  Pylon  
  26  4:33  Probe  
  27  4:49  Stalker x2  
  31  5:00  Gateway  
  31  5:07  Gateway  
  31  5:14  Pylon  
  31  5:26  Pylon  
  31  5:51  Stalker x2  
  31  5:54  Stalker  
  37  6:02  Stalker  
  39  6:18  Stalker x2  
  39  6:19  Stalker  
  45  6:28  Stalker  
  47  6:37  Zealot  
  49  6:51  Zealot x3  
  53  7:02  Stalker  
  55  7:19  Stalker x3  
  55  7:22  Pylon  
Show
View Real Time Build Order
Export as new Build Order

LiquidMaNa Protoss - Winner!

Build Orders: Cannon Rush 

Get SALT Encoding   

  12  0:01  Probe  
  13  0:13  Probe  
  14  0:18  Pylon  
  14  0:25  Probe (Chrono Boost)  
  15  0:37  Probe (Chrono Boost)  
  15  0:39  Gateway  
  16  0:45  Probe (Chrono Boost)  
  16  0:47  Assimilator  
  17  0:52  Probe  
  17  0:54  Assimilator  
  19  1:04  Probe  
  19  1:06  Forge  
  19  1:16  Probe  
  20  1:25  Zealot (Chrono Boost)  
  22  1:34  Pylon  
  22  1:40  Photon Cannon  
  22  1:44  Photon Cannon  
  20  1:58  Photon Cannon  
  20  2:04  Pylon  
  20  2:07  Photon Cannon  
  21  2:20  Photon Cannon  
  21  2:22  Probe  
  21  2:39  Gateway  
  21  2:46  Photon Cannon  
  21  2:49  Probe  
  22  2:58  Pylon  
  22  3:01  Probe  
  23  3:06  Assimilator  
  23  3:13  Probe  
  24  3:23  Gateway  
  24  3:25  Probe  
  24  3:26  Cybernetics Core  
  25  3:37  Probe  
  26  3:55  Nexus  
  26  3:58  Probe  
  27  4:04  Warp Gate  
  27  4:15  Probe (Chrono Boost)  
  27  4:16  Robotics Facility  
  28  4:26  Probe (Chrono Boost), Stalker  
  28  4:30  Probe (Chrono Boost)  
  31  4:35  Pylon  
  34  4:38  Sentry  
  34  4:42  Probe  
  35  4:54  Pylon  
  35  4:56  Sentry  
  37  5:04  Immortal (Chrono Boost)  
  36  5:11  Probe  
  36  5:13  Probe, Phoenix  
  42  5:23  Shield Battery  
  42  5:24  Probe  
  42  5:26  Probe  
  44  5:35  Immortal (Chrono Boost)  
  44  5:41  Probe x2  
  50  5:52  Sentry  
  50  5:53  Stalker  
  54  5:58  Probe x2  
  56  6:08  Warp Prism  
  60  6:19  Zealot  
  60  6:22  Shield Battery  
  60  6:23  Shield Battery  
  60  6:26  Pylon  
  60  6:30  Sentry  
  62  6:46  Immortal (Chrono Boost)  
  59  6:54  Sentry, Zealot  
  59  7:11  Gateway  
  59  7:18  Stalker x2  
Tags
 
Add a new tag
Caveats
  • Supply blocks, unpowered buildings, or Contaminate may cause inaccurate times.
  • Supply counts are checked every 10 seconds.